Match 47142610
Unlisted

Match 47142610
End
Kradschützen Motorcycle Team
Panzerpioneer Squad
Selects Battlefield Espionage Battlegroup
Panzerpioneer Squad
Panzerpioneer Squad
Construct Light Support Kompanie
Panzerjäger Squad
2.5-tonne Medical Truck
Selects 250/3 Funkpanzerwagen
250/3 Funkpanzerwagen
JDG
IJustDontCare
adobe gifler
Cicero_540
Be Frabjous
water
김치워리어
It's Takotime
0
0

Comments sign in to comment!

No comments posted yet!